AoeStats
← ME_DEPRIME_JUGAR_CON_USTEDES

Arena

505996187Analyzed
4v4 RM · 21d ago on Sep 12, 2026· 39m 53s· 8 players
Game mode
Random Map
Map size
Large (8 player)
Population
200
Speed
Normal
Resources
Standard
Victory
Conquest
Starting age
Dark Age
Ending age
Imperial Age
RankedLock teamsTeams togetherTeam positionsShared explorationLock speedFull tech treeHidden civsTurbo modeCheats
Victory
Defeat
🇦🇷 Franks · Argentina
1794
+11
🇲🇽 Goths · Mexico
1787
+11
🇦🇷 Shu · Argentina
1574
+20
🇦🇷 Georgians · Argentina
1520
+22
🇩🇪 Aztecs · Germany
1705
-18
🇨🇱 Romans · Chile
1687
-17
🇹🇼 Tupi · Taiwan
1677
-16
🇧🇷 Hindustanis · Brazil
1588
-13
蔡正平
10:47 Feudal Age
12:16 Double-Bit Axe
12:28 Horse Collar
15:08 Castle Age
16:11 Bow Saw
16:27 Heavy Plow
18:51 Wheelbarrow
18:06 Loom
20:34 Hand Cart
20:47 Gold Mining
20:51 Stone Mining
21:02 Town Watch
24:20 Gold Shaft Mining
29:28 Imperial Age
27:03 Scale Mail Armor
27:04 Squires
26:25 Pikeman
26:58 Fletching
27:09 Treadmill Crane
27:41 Padded Archer Armor
28:14 Bodkin Arrow
28:25 Caciques
29:15 Chain Mail Armor
29:48 Leather Archer Armor
29:43 Forging
30:58 Conscription
30:07 Halberdier
30:47 Capped Ram
32:49 Bracer
34:39 Ring Archer Armor
35:27 Chemistry
34:50 Ballistics
35:18 Plate Mail Armor
36:59 Chemistry
LLaRLLi
10:49 Feudal Age
14:34 Castle Age
12:54 Double-Bit Axe
13:11 Horse Collar
21:41 Wheelbarrow
21:22 Bow Saw
24:02 Loom
27:08 Imperial Age
26:26 Scale Mail Armor
26:07 Pikeman
27:26 Chain Mail Armor
28:01 Ballistas
29:00 Chemistry
29:22 Conscription
29:07 Halberdier
30:01 Forging
30:27 Hand Cart
30:14 Heavy Plow
30:22 Squires
31:27 Heavy Scorpion
33:33 Crop Rotation
33:38 Ballistics
36:42 Siege Engineers
36:24 Capped Ram
GAX | Urubu
10:23 Feudal Age
14:01 Castle Age
11:57 Double-Bit Axe
12:43 Horse Collar
15:41 Wheelbarrow
17:18 Loom
18:04 Bow Saw
19:08 Heavy Plow
21:14 Gold Mining
23:21 Gold Shaft Mining
22:37 Stone Mining
23:11 Town Watch
26:41 Imperial Age
25:31 Padded Archer Armor
28:25 Chemistry
28:12 Leather Archer Armor
28:26 Husbandry
28:37 Bloodlines
27:48 Heavy Camel Rider
29:07 Masonry
29:35 Conscription
Pummeluff
11:20 Feudal Age
12:32 Double-Bit Axe
15:17 Castle Age
13:14 Horse Collar
16:24 Bow Saw
16:50 Heavy Plow
19:39 Loom
20:33 Wheelbarrow
20:05 Scale Mail Armor
22:04 Hand Cart
22:14 Gold Mining
23:03 Eagle Warrior
23:41 Stone Mining
25:40 Gold Shaft Mining
25:55 Town Watch
26:44 Forging
26:24 Fletching
29:33 Imperial Age
27:46 Stone Shaft Mining
27:00 Eagle Warrior
27:57 Pikeman
28:38 Squires
28:56 Bodkin Arrow
29:25 Padded Archer Armor
29:24 Crossbowman
30:24 Chain Mail Armor
30:30 Bracer
32:31 Chain Mail Armor
33:23 Chemistry
33:52 Ballistics
33:41 Siege Engineers
36:41 Plate Mail Armor
36:32 Ballistics
38:04 Iron Casting
36:59 Arbalester
UXKEKO
11:47 Feudal Age
15:18 Castle Age
13:14 Double-Bit Axe
13:21 Horse Collar
16:12 Bow Saw
17:48 Heavy Plow
23:33 Wheelbarrow
24:48 Hand Cart
24:43 Town Watch
29:14 Imperial Age
26:35 Loom
26:47 Gold Mining
26:41 Pikeman
27:22 Squires
26:45 Man-at-Arms
27:45 Scale Mail Armor
27:55 Forging
29:05 Anarchy
28:59 Stone Mining
29:38 Chain Mail Armor
29:58 Iron Casting
29:55 Perfusion
30:16 Conscription
29:43 Elite Huskarl
33:18 Fletching
34:31 Chemistry
33:52 Ballistics
35:53 Blast Furnace
36:52 Bodkin Arrow
37:11 Masonry
41:23 Two-Man Saw
Dino_Mate
11:00 Feudal Age
14:54 Castle Age
13:06 Double-Bit Axe
13:42 Horse Collar
15:20 Stone Mining
18:06 Loom
20:18 Horse Collar
21:40 Wheelbarrow
24:57 Gold Mining
28:30 Imperial Age
27:21 Svan Towers
27:40 Ballistics
27:22 Guard Tower
28:21 Fletching
29:12 Scale Barding Armor
29:17 Forging
29:10 Bodkin Arrow
29:51 Conscription
29:50 Bow Saw
29:48 Scale Barding Armor
30:47 Chemistry
30:22 Masonry
30:31 Bracer
31:20 Man-at-Arms
31:45 Gambesons
31:28 Cavalier
32:39 Husbandry
33:16 Forging
34:22 Keep
34:42 Chain Barding Armor
34:38 Bloodlines
35:02 Murder Holes
35:38 Architecture
34:59 Treadmill Crane
36:54 Plate Barding Armor
36:57 Iron Casting
37:04 Arrowslits
38:18 Hoardings
39:51 Hand Cart
Cr0mo
10:26 Feudal Age
14:02 Castle Age
13:39 Double-Bit Axe
15:00 Bow Saw
17:04 Wheelbarrow
19:02 Hand Cart
19:19 Gold Mining
19:34 Stone Mining
21:28 Gold Shaft Mining
22:44 Loom
23:34 Town Watch
26:48 Imperial Age
24:19 Fletching
24:59 Bodkin Arrow
25:41 Forging
26:05 Scale Mail Armor
27:16 Iron Casting
26:58 Arson
28:28 Chemistry
29:26 Blast Furnace
29:11 Conscription
29:24 Scale Mail Armor
30:05 Masonry
32:59 #83
33:09 Chain Mail Armor
34:31 Elite Throwing Axeman
36:28 Siege Engineers
39:37 Hoardings
39:38 Architecture
39:29 Ballistics
ME_DEPRIME_JUGAR_CON_USTEDES
10:36 Feudal Age
11:31 Double-Bit Axe
14:52 Castle Age
12:43 Horse Collar
15:57 Bow Saw
19:47 Fervor
21:06 Wheelbarrow
21:08 Gold Mining
24:57 Stone Mining
27:46 Imperial Age
25:50 Scale Barding Armor
25:55 Forging
25:36 Loom
26:38 Town Watch
27:20 Husbandry
28:23 Chain Barding Armor
28:04 Heavy Hei Guang Cavalry
30:26 Plate Barding Armor
33:07 Conscription
33:36 Gold Shaft Mining
33:57 Scale Mail Armor
34:25 Hand Cart
35:24 Chain Mail Armor
35:05 Light Cavalry
35:58 Bolt Magazine
36:07 Padded Archer Armor
36:21 Fletching
38:13 Two-Man Saw
37:17 Crossbowman
38:06 Arbalester
39:26 Bodkin Arrow
40:01 Leather Archer Armor
40:09 Bracer
40:13 Coiled Serpent Array
41:25 Chemistry
Connection lost

Rejoining the realm…

Still unreachable

The connection could not be restored.

Session expired

The server has moved on; the page needs a fresh start.